Cogmind - Beta 9 @@@ ROGUE MODE // 2019.10.23 @ 22:21:54 Player: Wolfier Result: Destroyed by Y-45 Defender with Heavy Assault Rifle Performance ------------- Evolutions (1) 500 Regions Visited (2) 400 Robots Destroyed (28) 140 Value Destroyed (947) 947 Prototype IDs (0) 0 Alien Tech Used (0) 0 Bonus (200) 200 TOTAL SCORE: 2187 Bonus ------- Pacifist 200 Cogmind --------- Core Integrity 0/400 Matter 248/300 Energy 275/275 System Corruption 4% Temperature Cool (9) Location -9/Materials Parts ------- Power (1) Deuterium Engine Propulsion (2) Improved Hover Unit Improved Hover Unit Utility (4) High-capacity Storage Unit Signal Interpreter Advanced Targeting Computer Advanced Targeting Computer Weapon (2) Small Laser Particle Gun Inventory (12) Deuterium Engine Light Treads High-capacity Storage Unit Improved Terrain Scanner Light Armor Plating Peak State ------------ Power Deuterium Engine Propulsion Improved Hover Unit Improved Hover Unit Utility Small Storage Unit Signal Interpreter Advanced Targeting Computer Advanced Targeting Computer Weapon Autogun Katana Inventory Deuterium Engine Improved Hover Unit Improved Hover Unit Improved Terrain Scanner Light Armor Plating [Rating: 21] Favorites ----------- Power Deuterium Engine Engine Deuterium Engine Power Core Light Nuclear Core Propulsion Improved Hover Unit Treads Light Treads Leg Aluminum Leg Wheel Wheel Hover Unit Improved Hover Unit Utility Improved Targeting Computer Device Improved Terrain Scanner Storage Small Storage Unit Processor Improved Targeting Computer Weapon Katana Energy Gun Medium Laser Ballistic Gun Autogun Launcher Grenade Launcher Impact Weapon Maul Slashing Weapon Katana Build | -11 -10 -9 ------- Run | Scr Mat Mat Slots Evolved 2 | . . 2 Power . | . . . Propulsion . | . . . Utility 2 | . . 2 Weapon . | . . . Parts Attached 43 | 6 1 36 Power 8 | 1 . 7 Engine 7 | 1 . 6 Core 1 | . . 1 Reactor . | . . . Propulsion 11 | 2 . 9 Treads 1 | . . 1 Leg 4 | . . 4 Wheel 2 | 2 . . Hover 4 | . . 4 Flight . | . . . Utility 8 | 1 1 6 Device 1 | . . 1 Storage 2 | 1 . 1 Processor 5 | . 1 4 Hackware . | . . . Protection . | . . . Artifact . | . . . Weapon 16 | 2 . 14 Energy Gun 7 | 1 . 6 Energy Cannon . | . . . Ballistic Gun 3 | 1 . 2 Ballistic Cannon . | . . . Launcher 1 | . . 1 Special Weapon . | . . . Impact Weapon 1 | . . 1 Slashing Weapon 4 | . . 4 Piercing Weapon . | . . . Special Melee Weapon . | . . . Unidentified Prototypes . | . . . Parts Lost 15 | . . 15 Power 3 | . . 3 Propulsion 6 | . . 6 Utility . | . . . Weapon 6 | . . 6 Highest Loss Streak 5 | . . 5 Average Slot Usage (%) 91 | . 90 91 Engine 10 | . 14 9 Leg 4 | . . 5 Wheel 4 | . 28 . Hover 10 | . . 11 Storage 11 | . 14 11 Processor 29 | . 5 32 Energy Gun 5 | . 14 3 Ballistic Gun 6 | . 14 5 Launcher 1 | . . 1 Slashing Weapon 7 | . . 8 Naked Turns . | . . . Heaviest Build 45 | 13 13 45 Greatest Support 20 | 20 20 20 Greatest Overweight (x) 5 | . . 5 Average Overweight (x) . | . . . Largest Inventory Capacity 12 | 6 6 12 Average Capacity 6 | 4 6 6 Most Carried 6 | 2 5 6 Average Carried 3 | . 2 4 Final Capacity 12 | . . 12 Final Carried 5 | . . 5 Class Distribution -------------------- 75% | Mutant 24% | Scavenger-Mutant Dominant Class ---------------- Mutant | -10/Materials Mutant | -9/Materials Resources | -11 -10 -9 ----------- Run | Scr Mat Mat Matter Collected 750 | 166 30 554 Remotely . | . . . Salvage Created 1078 | . . 1078 Parts 75 | . . 75 Haulers Intercepted . | . . . Recyclers Shooed . | . . . Parts Field Recycled . | . . . Retrieved Matter . | . . . Parts Self-Destructed . | . . . Prevented . | . . . Kills | -11 -10 -9 ------- Run | Scr Mat Mat Combat Hostiles Destroyed 25 | . . 25 Melee 5 | . . 5 Guns 17 | . . 17 AOE 3 | . . 3 Classes Destroyed 6 | . . 6 Worker 1 | . . 1 Watcher 2 | . . 2 Swarmer 3 | . . 3 Grunt 14 | . . 14 Duelist 1 | . . 1 Sentry 7 | . . 7 Best Kill Streak 7 | . . 7 Combat Bots Only 7 | . . 7 Max Kills in Single Turn 4 | . . 4 Gunslinging . | . . . Exploded 3 | . . 3 Melee 1 | . . 1 Uniques/NPCs Destroyed . | . . . Combat | -11 -10 -9 -------- Run | Scr Mat Mat Damage Taken 1548 | . 22 1526 Core 402 | . . 402 Absorbed by Shields . | . . . Core Remaining (%) 100 | 100 100 . Volleys Fired 78 | 1 . 77 Largest 2 | 2 . 2 Hottest 70 | 70 . 70 Shots Fired 81 | 2 . 79 Gun 78 | 2 . 76 Cannon . | . . . Launcher 3 | . . 3 Special . | . . . Kinetic 45 | 1 . 44 Thermal 33 | 1 . 32 Explosive 3 | . . 3 Electromagnetic . | . . . Robot Hit Streak 47 | . . 47 Robot Miss Streak 3 | . . 3 Penetration Max . | . . . Secondary Targets . | . . . Shots Hit Robots 81 | . . 81 Core Hits 43 | . . 43 Critical Hits . | . . . Critical Kills . | . . . Critical Parts Destroyed . | . . . Melee Attacks 16 | . . 16 Impact . | . . . Slashing 16 | . . 16 Piercing . | . . . Sneak Attacks . | . . . Combat Hostiles . | . . . Follow-up Attacks . | . . . Damage Inflicted 1534 | . . 1534 Guns 1015 | . . 1015 Cannons . | . . . Explosions 147 | . . 147 Melee 372 | . . 372 Ramming . | . . . Kinetic 634 | . . 634 Thermal 381 | . . 381 Explosive 147 | . . 147 Electromagnetic . | . . . Impact . | . . . Slashing 372 | . . 372 Piercing . | . . . Highest Corruption 4 | . . 4 Average Corruption 3 | . . 3 Corruption Purged . | . . . Effects 15 | . . 15 Message Errors 7 | . . 7 Matter Fused 4 | . . 4 Energy Discharges 2 | . . 2 Data Loss (minor) 1 | . . 1 Targeting Errors 1 | . . 1 Overload Shots . | . . . Overflow Damage 23 | . . 23 Projectiles . | . . . Explosions . | . . . Melee 23 | . . 23 Knockbacks . | . . . Impact . | . . . Kinetic . | . . . Secondary . | . . . Self-Inflicted Damage 24 | . . 24 Shots 2 | . . 2 Rammed . | . . . Targets Rammed . | . . . Kicked . | . . . Crushed . | . . . Highest Temperature 324 | 9 . 324 Average Temperature 74 | 6 . 76 Received Heat Transfer 522 | . . 522 Siege Activations . | . . . Robots Corrupted . | . . . Combat Hostiles . | . . . Parts Fried . | . . . Impact Corruptions . | . . . Robots Melted . | . . . Combat Hostiles . | . . . Parts Melted 3 | . . 3 Heat Transferred 962 | . . 962 Parts Sabotaged . | . . . Parts Stolen . | . . . Parts Stripped . | . . . Power Chain Reactions . | . . . Missiles Intercepted . | . . . Alert | -11 -10 -9 ------- Run | Scr Mat Mat Peak Influence 409 | . . 409 Average Influence 121 | . . 146 Maximum Alert Level 2 | . . 2 Low Security (%) 76 | . . . Level 1 23 | . . . Level 2 . | . . . Level 3 . | . . . Level 4 . | . . . Level 5 . | . . . High Security . | . . . Max Security . | . . . Squads Dispatched 6 | . 3 3 Investigation 1 | . 1 . Extermination . | . . . Reinforcement 5 | . 2 3 Assault . | . . . Garrison . | . . . Intercept . | . . . Construction Impeded . | . . . Haulers Reinforced . | . . . Stealth | -11 -10 -9 --------- Run | Scr Mat Mat Distress Signals 1 | . . 1 Communications Jammed . | . . . Distress Signals . | . . . Times Spotted 42 | . . 42 Peak Tracking Total 7 | . . 7 Tactical Retreats 5 | . . 5 Traps | -11 -10 -9 ------- Run | Scr Mat Mat Traps Triggered 3 | . 1 2 Indirectly . | . . . Trap Hack Attempts . | . . . Triggered . | . . . Disarmed . | . . . Reprogrammed . | . . . Reused . | . . . Traps Extracted . | . . . Installed . | . . . Triggered . | . . . Machines | -11 -10 -9 ---------- Run | Scr Mat Mat Machines Disabled 2 | . . 2 Max in Single Turn 1 | . . 1 Machines Sabotaged . | . . . Garrisons Compromised . | . . . Overloaded Fab Kills . | . . . Fab Network Shutdowns . | . . . Hacking | -11 -10 -9 --------- Run | Scr Mat Mat Machines Accessed 9 | . 1 8 Terminals 6 | . . 6 Fabricators . | . . . Repair Stations 1 | . . 1 Recycling Units 2 | . 1 1 Scanalyzers . | . . . Garrison Access . | . . . Total Hacks 20 | . 1 19 Successful 15 | . 1 14 Failed 5 | . . 5 Catastrophic . | . . . Database Lockouts . | . . . Manual . | . . . Terminals 14 | . . 14 Fabricators . | . . . Repair Stations 3 | . . 3 Recycling Units 3 | . 1 2 Scanalyzers . | . . . Garrison Access . | . . . Terminal Hacks 10 | . . 10 Emergency Access Points 1 | . . 1 Alert Level 1 | . . 1 Dispatch Records 1 | . . 1 Investigation Status 1 | . . 1 Reinforcement Status 1 | . . 1 Assault Status 1 | . . 1 Recall Investigation 1 | . . 1 Recall Reinforcements 2 | . . 2 Zone Layout 1 | . . 1 Fabricator Hacks . | . . . Repair Station Hacks 2 | . . 2 Scan Component 1 | . . 1 Repair 1 | . . 1 Recycling Unit Hacks 3 | . 1 2 Report Inventory 1 | . 1 . Retrieve Components 2 | . . 2 Scanalyzer . | . . . Garrison Access Hacks . | . . . Unauthorized Hacks . | . . . Terminals . | . . . Fabricators . | . . . Repair Stations . | . . . Recycling Units . | . . . Scanalyzers . | . . . Garrison Access . | . . . Data Cores Recovered . | . . . Used . | . . . Hacking Detections 7 | . . 7 Full Trace Events 2 | . . 2 Feedback Events 1 | . . 1 Corruption 1 | . . 1 Feedback Blocked . | . . . Robot Schematics Acquired . | . . . Robots Built . | . . . Matter . | . . . Time . | . . . Total Robot Build Rating . | . . . Part Schematics Acquired . | . . . Parts Built . | . . . Matter . | . . . Time . | . . . Total Part Build Rating . | . . . Parts Repaired 1 | . . 1 Time 38 | . . 38 Parts Recycled . | . . . Recycled Matter . | . . . Retrieved Matter . | . . . Retrieved Components 1 | . . 1 Parts Scanalyzed . | . . . Part Schematics Acquired . | . . . Parts Damaged . | . . . Bothacking | -11 -10 -9 ------------ Run | Scr Mat Mat Used RIF Installer . | . . . Robots Hacked . | . . . Non-combat . | . . . Combat . | . . . Robot Hacks Applied . | . . . Relay Couplers Released . | . . . Robots Rewired . | . . . Allies Hacked . | . . . Hacks Repelled . | . . . Allies | -11 -10 -9 -------- Run | Scr Mat Mat Total Allies . | . . . Largest Group . | . . . Highest-Rated Group . | . . . Highest-Rated Ally . | . . . Total Orders . | . . . Ally Attacks . | . . . Total Damage . | . . . Kills . | . . . Allies Corrupted . | . . . Allies Melted . | . . . Intel | -11 -10 -9 ------- Run | Scr Mat Mat Robot Analysis Total . | . . . Derelict Logs Recovered . | . . . Drone Launches . | . . . Drone Recoveries . | . . . Exploration | -11 -10 -9 ------------- Run | Scr Mat Mat Turns Passed 1398 | 76 158 1164 Spaces Moved 1063 | 77 190 796 Core 63 | 5 . 58 Treads . | . . . Legs 197 | . . 197 Wheels 294 | 72 190 32 Hover 509 | . . 509 Flight . | . . . Fastest Speed 50 | 50 80 56 Average Speed 99 | 78 80 106 Slowest Speed 300 | 80 80 300 Overloaded Moves . | . . . Propulsion Burnouts . | . . . Robots Hopped . | . . . Cave-ins Triggered . | . . . Exploration Rate (%) 33 | 3 30 66 Regions Visited 2 Branch Regions . Pre-discovered Areas . | . . . Known Exits Taken 1 | . 1 . Unknown Exits Taken 1 | 1 . . Scrap Searched . | . . . Spaces Dug . | . . . Terrain Destroyed 7 | . . 7 Melee . | . . . Projectile . | . . . AOE 7 | . . 7 Actions | -11 -10 -9 --------- Run | Scr Mat Mat Total 1298 | 90 195 1013 Wait 48 | . . 48 Move 1061 | 76 189 796 Hop . | . . . Pick Up 41 | 7 5 29 Fast Attach . | . . . Attach 30 | 6 1 23 Detach 2 | . . 2 Swap 13 | . . 13 Drop 9 | . . 9 Fire 78 | 1 . 77 Melee 16 | . . 16 Ram . | . . . Kick . | . . . Crush . | . . . Escape Stasis . | . . . Rewire . | . . . Trap . | . . . Miscellaneous . | . . . Route ------- -11/Scrapyard -10/Materials -9/Materials (discovered 2 exits: *Min / *Sto) History --------- Turn | Location | Event 8 | -11/Scrapyard | Discovered new exit (range 16) 77 | -11/Scrapyard | Entered Materials 218 | -10/Materials | Discovered new exit (range 15) 233 | -10/Materials | Identified exit to Materials 235 | -10/Materials | Entered another Materials area 235 | -9/Materials | Evolved 2 slots: Utility x2 330 | -9/Materials | Build established: Mutant 334 | -9/Materials | Lost 5 parts (1p2n2w) 649 | -9/Materials | Repaired Katana 672 | -9/Materials | Build established: Scavenger-Mutant 694 | -9/Materials | Core integrity fell below 50% 750 | -9/Materials | Lost 4 parts (1p2n1w) 967 | -9/Materials | Discovered new exit (range 3) 970 | -9/Materials | Discovered new exit (range 14) 987 | -9/Materials | Identified exit to Mines 1003 | -9/Materials | Identified exit to Storage 1021 | -9/Materials | Build established: Mutant 1169 | -9/Materials | Core integrity fell below 20% 1318 | -9/Materials | Lost 4 parts (2n2w) 1340 | -9/Materials | Destroyed 7 combat bots 1399 | -9/Materials | Destroyed by Y-45 Defender with Heavy Assault Rifle Last Messages --------------- 01293_ G-34 Mercenary destroyed. 01295_ K-01 Serf destroyed. 01303_ Atomic Centrifuge disabled. 01308_ G-34 Mercenary heat spikes uncontrollably. 01309_ G-34 Mercenary heat damages core (-4). 01309_ G-34 Mercenary overheating. 01309_ Aluminum Leg melted. 01309_ G-34 Mercenary destroyed. 01313_ Heat Sink melted. 01313_ G-34 Mercenary destroyed. 01324_ Acquired Lgt. Treads. 01329_ Acquired 54 matter. 01331_ Acquired 27 matter. 01332_ Acquired 31 matter. 01337_ Acquired 45 matter. 01338_ FUN>3VID5CELQ5B PLMZUTKLIP:M 01338_ Acquired Sml. Laser. 01350_ Acquired Hcp. Storage Unit. 01352_ Dropped Sml. Storage Unit. 01354_ Acquired Hcp. Storage Unit. Map ----- +----------------------------------------------------+ | ! #????# #????????????????????? | | #????# #????????????????????? | | !/ #??### ###??????????????????? | | !/ #??# #??????????????????? | | // #??# #????##+###????????? | | #??# #???? #????????? | | #??# #???? #????????? | | #??# #???? #????????? | | ######### ###### #????????? | | ?# # # + #????????? | | ?# # # "" # #????????? | | ?# """ + / "T # #????????? | | ?# """ # # "" # #????????? | | ?# """ # # # #????????? | | ?# # #// !# #????????? | | ?##?##### #// # #####?###? | | ??# #???# #/ + # # | | ??# #???# # # # "S # | | ????????# ###### # """ # | | ????????# #????# # "" # | | ????????# #????# # # | | ??????### ##???# # # | | ??????# #### # """ # | | ??????# # """ # | | ??? # # """ # | | T *[%= + @ # | | ? # [*=%%= # """ # | | ?#????# =** *= # """ # | | ??????# ####+##### """ # | | ??????####### ##!*! =%## ! # | | ????????????# # *" "*## """ # | | ????????????# ##![""" ## Y""" # | | ????????????#??# """ ## """ # | | ???????????????# ## ???# | | ???????????????# #### #????? | | ???????????????# ! #???##????? | | ???????????????#!! #?????????? | | ???????????????#!! #?????????? | | ???????????????# #?????????? | | ???????????????# #?????????? | | ???????????????# #?????????? | | ???????????????# #?????????? | | ???????????????########?????????? | | ????????????????????????????????? | | ????????????????????????????????? | | ????????????????????????????????? | | ????????????????????????????????? | | ????????????????????????????????? | | ????????????????????????????????? | | ????????????????????????????????? | +----------------------------------------------------+ Best States ------------- Heat Dissipation 28 Energy Generation 14 Energy Capacity 275 Matter Stores 300 Matter Capacity 300 Sight Range 16 Terrain Scan Range 16 Terrain Scan Density 10 Evasion (%) 53 Targeting Accuracy 16 Item Schematics ----------------- None Robot Schematics ------------------ None Fabricated ------------ Nothing Alien Tech Used ----------------- None Achievements -------------- GoHome() Challenges ------------ None Game ------ Seed MasterCoreMace Manual? 0 Play Time 00:23:13 Cumulative 6.8 hours Start 2019.10.23 @ 22:00:28 End 2019.10.23 @ 22:21:54 Sessions 1 Manual Loads 0 Difficulty Rogue Special Mode None Game No. 22 Rogue 22 Adventurer 0 Explorer 0 Win Type - Total 0 Types 0/0/0/0/0/0/0 Lore% 3 Gallery% 13 Achievement% 7 Wizard Run 0 Options --------- ASCII 0 Keyboard 0 Movement Mouse Keybinds 0 Fullscreen 1 Font 18/SmallcapsGlow Map View 76x50 Tactical HUD 1 Map Filters NONE Filters NONE Steam 1 RUN: c5ba7692-7b48-4962-9dd4-49f30456826f